 Dungeon Crawl Stone Soup version 0.31-a0-1059-g83d41fd (webtiles) character file.

Game seed: 16875128677456193930

1641 Agrajec the Skirmisher (level 8, -11/37 HPs)
             Began as a Spriggan Hunter on Nov 20, 2023.
             Was an Initiate of Gozag.
             Killed by divine providence
             ... invoked by Jeremiah
              (13 damage)
             ... on level 7 of the Dungeon.
             The game lasted 00:19:45 (6577 turns).

Agrajec the Skirmisher (Spriggan Hunter)            Turns: 6577, Time: 00:19:46

Health: -11/37     AC:  2    Str:  7    XL:     8   Next: 66%
Magic:  12/12      EV: 18    Int: 10    God:    Gozag
Gold:   560        SH:  0    Dex: 21    Spells: 10/11 levels left

rFire   . . .        f - +0 orcbow (freeze)
rCold   + . .        (shield currently unavailable)
rNeg    . . .        c - +0 robe
rPois   .            (helmet restricted)
rElec   .            (no cloak)
rCorr   .            (gloves unavailable)
SInv    +            (boots unavailable)
Will    ++...        (no amulet)
Stlth   ++           i - ring of willpower
HPRegen 0.26/turn    j - ring of protection from cold
MPRegen 0.13/turn

%: no passive effects
@: gold aura, very quick
A: very small, no large weapons, unfitting armour, see invisible, speed 3
a: Renounce Religion, Potion Petition, Call Merchant, Bribe Branch


You were on level 7 of the Dungeon.
You worshipped Gozag.
Gozag was pleased with you.
You visited 2 branches of the dungeon, and saw 8 of its levels.

You collected 652 gold pieces.
You paid 92 gold pieces to Gozag.

Inventory:

Hand Weapons
 a - a +0 shortbow of freezing
 f - a +0 orcbow of freezing (weapon)
Armour
 c - a +0 robe (worn)
Jewellery
 i - a ring of willpower (left hand)
 j - a ring of protection from cold (right hand)
 r - a +5 ring of evasion
 A - an amulet of guardian spirit
Wands
 y - a wand of polymorph (10)
 z - a wand of charming (8)
Scrolls
 b - a scroll of butterflies
 d - a scroll of vulnerability {unknown}
 g - a scroll of immolation
 l - 2 scrolls of teleportation
 m - a scroll of enchant weapon {unknown}
 t - a scroll of revelation {unknown}
 w - a scroll of noise
 x - a scroll of identify
Potions
 e - 2 potions of invisibility
 h - 2 potions of might
 k - 2 potions of magic
 n - a potion of cancellation
 o - 3 potions of curing
 p - 2 potions of resistance {unknown}
 s - 2 potions of mutation
 u - 2 potions of haste {unknown}
 v - a potion of enlightenment {unknown}


   Skills:
 - Level 1.5 Fighting
 * Level 11.0 Ranged Weapons
 + Level 3.0 Dodging
 - Level 1.5 Stealth
 - Level 2.0 Spellcasting
 - Level 4.0 Hexes


You had 10 spell levels left.
You knew the following spells:

 Your Spells              Type           Power      Damage    Failure   Level
a - Slow                  Hex            36%        N/A       6%          1

Your spell library contained the following spells:

 Spells                   Type           Power      Damage    Failure   Level
 Confusing Touch          Hex            9%         N/A       19%         3
 Sigil of Binding         Hex            9%         N/A       19%         3
 Magic Dart               Conj           4%         1d3       30%         1
 Summon Small Mammal      Summ           4%         N/A       30%         1
 Summon Guardian Golem    Hex/Summ       5%         N/A       38%         3
 Blink                    Tloc           2%         N/A       43%         2
 Lesser Beckoning         Tloc           2%         N/A       43%         2
 Momentum Strike          Conj/Tloc      2%         3d8       43%         2
 Searing Ray              Conj           2%         2d4       43%         2
 Call Canine Familiar     Summ           1%         N/A       67%         3
 Vampiric Draining        Necr           1%         2d6       67%         3
 Fulminant Prism          Conj/Hex       2%         3d5       80%         4


Dungeon Overview and Level Annotations

Branches:
Dungeon (7/15)             Temple (1/1) D:5

Altars:
Ashenzari
Cheibriados
Elyvilon
Fedhas
Gozag
Kikubaaqudgha
Nemelex Xobeh
Okawaru
Qazlal
Ru
Sif Muna
Trog
Uskayaw
Vehumet
Wu Jian
Xom
Yredelemnul
Zin
The Shining One

Shops:
D:2 :

Annotations:
D:3 4 runed translucent doors, Crazy Yiuf; luciddream001's ghost, amateur GrEE
D:4 exclusion: sky beast
D:7 Jeremiah


Innate Abilities, Weirdness & Mutations

You are very small and have problems with some larger weapons.
You are too small for most types of armour.
You have supernaturally acute eyesight. (SInv)
You cover ground extremely quickly. (Speed+++)


Message History

You hear the steady creaking of a very distant portcullis.
You start resting.
A wight is nearby!
You are too injured to fight recklessly!
You are too injured to fight recklessly!
Fire: f) +0 orcbow (freeze)
Press: ? - help, Q - select action, (/) - cycle Shift-Dir - straight line, f - wight
Aim: a wight, wielding a +0 trident and wearing a +0 robe (62% to hit)
You shoot an arrow. The arrow barely misses the wight.
Fire: f) +0 orcbow (freeze)
Press: ? - help, Q - select action, (/) - cycle Shift-Dir - straight line, f/p - wight
Aim: a wight, wielding a +0 trident and wearing a +0 robe (62% to hit)
You shoot an arrow. The arrow hits the wight!
The arrow freezes the wight.
The wight is severely damaged.
Fire: f) +0 orcbow (freeze)
Press: ? - help, Q - select action, (/) - cycle Shift-Dir - straight line, f/p - wight
Aim: a wight, wielding a +0 trident and wearing a +0 robe (severely damaged, 62% to hit)
You shoot an arrow. The arrow hits the wight.
The wight is almost destroyed.
Fire: f) +0 orcbow (freeze)
Press: ? - help, Q - select action, (/) - cycle Shift-Dir - straight line, p - wight You shoot an arrow.
The arrow hits Jeremiah but does no damage.
Jeremiah is severely wounded.
The wight hits you from afar with a +0 trident.
Jeremiah yawns.
Jeremiah throws their arms up pleadingly.
Something smites you!
* * * LOW HITPOINT WARNING * * *
Fire: f) +0 orcbow (freeze)
Press: ? - help, Q - select action, (/) - cycle Shift-Dir - straight line, f - wight
Aim: a wight, wielding a +0 trident and wearing a +0 robe (almost destroyed, 62% to hit)
You shoot an arrow. The arrow hits the wight!
You destroy the wight!
The butterfly is distracted by your dazzling golden aura.
Jeremiah cries, "Fearful master, protect me!"
Something smites you!
You die...
Jeremiah says, "O terrible one, your will is done."
Your body crumbles into a pile of gold.

..........#.....# #...#
###..$..........# #...#
##......#..^..# #...#
##...#.##...## #.bF#
##.##.....## #.bb# ##
#.#####..#######.b.########.
#.# #.<#....$..........#..
..# #..............#....#.
#######..#.@..............._
#.).....#####.b.#####..#.
#.##$##.# #...# #..#.
#)#...#.# #.#.# #....
######..#[#..# #...# #..##.
####.....)#...#.# ##...#
#..### ...#.####)##.##.#
#....# ##### #
##.#............# #....#
##_## # #.#.##......####
#....# 8...8 #


You could see Jeremiah.

Vanquished Creatures
  Edmund (D:6)
  A sky beast (D:7)
  3 ogres
  A centaur (D:7)
  A kobold brigand (D:7)
  3 bullfrogs
  3 scorpions
  2 wights (D:7)
  6 hounds
  An orc priest (D:6)
  A sleepcap (D:6)
  2 iguanas
  4 orc wizards
  4 gnolls (D:5)
  5 adders
  A shadow imp (D:5)
  4 white imps
  An ufetubus (D:6)
  3 dart slugs
  25 orcs
  6 ball pythons
  5 endoplasms
  2 giant cockroaches
  5 goblins
  3 hobgoblins
  3 jackals (D:4)
  2 quokkas
  3 bats
  2 frilled lizards (D:2)
  16 kobolds
  7 rats
126 creatures vanquished.

Notes
Turn   | Place    | Note
-------+----------+-------------------------------------------
     0 | D:1      | Agrajec the Spriggan Hunter began the quest for the Orb.
     0 | D:1      | Reached XP level 1. HP: 10/10 MP: 2/2
    41 | D:1      | Found a faded altar of an unknown god.
   296 | D:1      | Reached XP level 2. HP: 14/14 MP: 3/3
   991 | D:2      | Found Kiebirgh's Vocational Training.
  1195 | D:2      | Learned a level 1 spell: Slow
  1358 | D:2      | Reached skill level 5 in Ranged Weapons
  1358 | D:2      | Reached XP level 3. HP: 18/18 MP: 4/4
  1737 | D:2      | Found a blossoming altar of Fedhas.
  1915 | D:3      | Reached skill level 1 in Spellcasting
  1915 | D:3      | Reached skill level 1 in Hexes
  1976 | D:3      | Reached XP level 4. HP: 15/22 MP: 5/7
  2162 | D:3      | Noticed an ogre
  2200 | D:3      | Killed an ogre
  2201 | D:3      | Reached skill level 6 in Ranged Weapons
  2201 | D:3      | Reached XP level 5. HP: 25/25 MP: 7/9
  2308 | D:3      | Found a runed translucent door.
  2309 | D:3      | Noticed Crazy Yiuf
  2347 | D:3      | Found a runed translucent gate.
  2347 | D:3      | Identified the +4 short sword "Worm" {heavy, Contam Will+
                  | Dex+3}
  2348 | D:3      | Found a runed translucent gate.
  2349 | D:3      | Found a runed translucent gate.
  2351 | D:3      | Noticed luciddream001's ghost (amateur GrEE)
  2838 | D:4      | Noticed a sky beast
  3105 | D:4      | Reached XP level 6. HP: 30/30 MP: 10/10
  3975 | D:5      | Entered Level 5 of the Dungeon
  4068 | D:5      | Reached skill level 7 in Ranged Weapons
  4099 | D:5      | Found a staircase to the Ecumenical Temple.
  4116 | Temple   | Entered the Ecumenical Temple
  4233 | Temple   | Became a worshipper of Gozag Ym Sagoz the Greedy
  4523 | D:5      | Found an ornate altar of the Wu Jian Council.
  4526 | D:5      | Found a glowing golden altar of the Shining One.
  4547 | D:5      | Reached XP level 7. HP: 28/33 MP: 9/11
  5057 | D:6      | Reached skill level 8 in Ranged Weapons
  5130 | D:6      | Noticed Edmund
  5146 | D:6      | Killed Edmund
  5248 | D:6      | Reached skill level 9 in Ranged Weapons
  5260 | D:6      | Reached XP level 8. HP: 27/37 MP: 12/12
  5850 | D:6      | Reached skill level 10 in Ranged Weapons
  6294 | D:7      | Found a blossoming altar of Fedhas.
  6338 | D:7      | Found a basalt altar of Yredelemnul.
  6487 | D:7      | Noticed Jeremiah
  6553 | D:7      | Reached skill level 11 in Ranged Weapons
  6577 | D:7      | Killed from afar by Jeremiah

Illustrated notes

Levels and vault maps discovered:
D:1:      psy_arrival_conway, layout_basic, shapermc_ecumenical_altar_venn
D:2:      layout_basic, basic_altar, nicolae_concentric_dashed_squares_mild,
          minmay_misc_feat_more_columns, minmay_misc_feat_secret_circle,
          chequers_avenue, nicolae_shop_vocational
D:3:      layout_loops_ring, gammafunk_ghost_necromancy, uniq_crazy_yiuf_cottage
D:4:      mumra_celtic_spiral_tile, layout_loops_corners, minmay_misc_feat_x
D:5:      layout_rooms, nicolae_overflow_squiral, minmay_temple_entry_waves
D:6:      layout_gridville, minmay_crossroads, uniq_edmund
D:7:      layout_loops_cross, lemuel_crystal_altar,
          nicolae_overflow_hidden_temple, enter_bailey_2, uniq_jeremiah
Temple:   regret_index_temple_waves

Skill      XL: |  1  2  3  4  5  6  7  8 |
---------------+-------------------------+-----
Ranged Weapons | 5 6 7 9 11 | 11.0
Spellcasting   | 1 2 |  2.0
Hexes          | 1 2 3 4 |  4.0
Dodging        | 3 |  3.0
Fighting       | |  1.5
Stealth        | |  1.5

Action                     |  1- 3 |  4- 6 |  7- 9 || total
---------------------------+-------+-------+-------++-------
   Fire: Shortbow          |    89 |   151 |    30 ||   270
         Orcbow            |       |       |   157 ||   157
   Cast: Slow              |       |    17 |    21 ||    38
    Use: Scroll            |     2 |       |     9 ||    11
 Armour: Robe              |     2 |    13 |    15 ||    30
  Dodge: Dodged            |    12 |    35 |    40 ||    87

Table legend: (Time is in decaauts)
 A = Elapsed time spent in this place.
 B = Non-inter-level travel time spent in this place.
 C = Inter-level travel time spent in this place.
 D = Time resting spent in this place.
 E = Time spent auto-exploring this place.
 F = Levels seen in this place.
 G = Mean time per level.
                   A        B        C        D        E       F      G
               +--------+--------+--------+--------+--------+-----+--------+
         Total |   4420 |   4183 |    237 |    245 |   2870 |   8 |  552.5 |
       Dungeon |   4331 |   4180 |    151 |    245 |   2870 |   7 |  618.7 |
        Temple |     88 |      3 |     85 |      0 |      0 |   1 |   88.0 |
               +--------+--------+--------+--------+--------+-----+--------+

Top non-repeatable levels by time:
     D:4: 848 daAuts
     D:6: 831 daAuts
     D:1: 621 daAuts
     D:3: 598 daAuts
     D:5: 554 daAuts
     D:2: 508 daAuts
     D:7: 368 daAuts
  Temple: 88 daAuts
